 Dungeon Crawl Stone Soup version 0.20.1-1-g8b1a95d (webtiles) character file.

471 Jawreze the Chopper (level 6, -3/55 HPs)
             Began as a Deep Dwarf Fighter on July 18, 2017.
             Slain by a gnoll
             ... wielding a +1 flail of protection
              (13 damage)
             ... on level 4 of the Dungeon.
             The game lasted 00:06:21 (3087 turns).

Jawreze the Chopper (Deep Dwarf Fighter)            Turns: 3087, Time: 00:06:22

Health: -3/55      AC:  6    Str: 19    XL:     6   Next: 83%
Magic:  6/6        EV:  5    Int:  9    God:
Gold:   184        SH: 17    Dex: 14    Spells: 5/5 levels left

rFire    . . .     SeeInvis .   a - +0 war axe
rCold    . . .     Gourm    .   n - +2 large shield
rNeg     . . .     Faith    .   b - +0 scale mail
rPois    .         Spirit   .   (no helmet)
rElec    .         Reflect  .   (no cloak)
rCorr    .         Harm     .   (no gloves)
MR       .....                  (no boots)
Stlth    ..........             (no amulet)
Regen    0.0/turn               (no ring)
MPRegen  0.1/turn               (no ring)

@: non-regenerating
A: damage resistance, heal wounds, sense surroundings 1, no regeneration
a: Heal Wounds


You were on level 4 of the Dungeon.
You were hungry.

You visited 1 branch of the dungeon, and saw 4 of its levels.

You collected 184 gold pieces.

Inventory:

Hand Weapons
 a - a +0 war axe (weapon)
Armour
 b - a +0 scale mail (worn)
 c - a +0 shield
 n - a +2 large shield (worn)
Jewellery
 h - an uncursed ring of stealth {unknown}
 q - an uncursed ring of fire {unknown}
Wands
 s - a wand of scattershot (6/9)
Scrolls
 e - 2 scrolls of teleportation {unknown}
 g - a scroll of amnesia {unknown}
 i - a scroll of enchant armour {unknown}
 l - 3 scrolls of remove curse
 o - 3 scrolls of identify {unknown}
 t - a scroll of magic mapping {unknown}
 u - a scroll of enchant weapon {unknown}
Potions
 d - 2 potions of might
 j - a potion of curing {unknown}
 k - 2 potions of flight {unknown}
 p - a potion of heal wounds {unknown}
 v - a potion of brilliance {unknown}
Comestibles
 f - 5 bread rations
 m - 3 chunks of flesh
 r - 2 royal jellies


   Skills:
 - Level 2.6 Fighting
 * Level 6.7 Axes
 - Level 3.2 Armour
 + Level 5.6 Shields


You had 5 spell levels left.
You didn't know any spells.

Dungeon Overview and Level Annotations

Branches:
Dungeon (4/15)
 Temple: D:4-7

Altars:
Kikubaaqudgha
Sif Muna
Trog
Vehumet


Innate Abilities, Weirdness & Mutations

You are resistant to damage.
You can heal yourself by infusing magical energy.
You passively map a small area around you.
You do not regenerate.


Message History

You hit the gnoll.
The gnoll is moderately wounded.
You block the gnoll's attack. x2
You barely miss the gnoll.
The gnoll is moderately wounded.
You block the gnoll's attack.
You slash the gnoll!
The gnoll is almost dead.
You block the gnoll's attack.
The gnoll hits you with a flail of protection!
* * * LOW HITPOINT WARNING * * *
You closely miss the gnoll.
The gnoll is almost dead.
The orc is no longer berserk.
You block the gnoll's attack.
The gnoll hits you with a flail of protection.
* * * LOW HITPOINT WARNING * * *
You hit the gnoll but do no damage.
The gnoll is almost dead.
The gnoll hits you with a flail of protection!
You die...

, ...#...## , ..... *
#......### * ....#* * #......
..# *#..g# *, #, #####.....
#.## ##a#g.# .#
#...##...#####.###.##.>###..#.
.
*...............#o............
#. ...####.#######o#
#.#........ .. #.#* #.# #g#
#...##.#.## .. #.# #.# #@#
###.##.#.# .. ##.#####.# #.#
#.##.#.# .. .........#
#.#####.##.#.###.. .....#####
#..........ggg.<.. .......# *
#######...รท.g###.. .#..#....
###...(..... ).........#
#..######. ......#...# ##.#.##
# ..........# ##.###.##


You could see a gnoll (berserk) and 2 orcs.

Vanquished Creatures
  A phantom (D:4)
  The ghost of Asderaxe the Ruffian, an amateur GrBe of Trog (D:4)
  A gnoll shaman (D:3)
  An orc wizard (D:4)
  A centaur skeleton (D:4)
  An iguana (D:4)
  A worker ant (D:3)
  6 adders
  3 gnolls (D:4)
  An adder skeleton (D:4)
  2 worms
  2 dart slugs
  9 orcs (D:4)
  A ball python (D:1)
  3 bat skeletons (D:2)
  2 bat zombies (D:2)
  2 giant cockroaches
  5 goblins
  11 hobgoblins
  9 jackals
  2 bats
  2 frilled lizards (D:3)
  3 kobolds
  2 rats
72 creatures vanquished.

Notes
Turn   | Place    | Note
-------+----------+-------------------------------------------
     0 | D:1      | Jawreze the Deep Dwarf Fighter began the quest for the Orb.
     0 | D:1      | Reached XP level 1. HP: 20/20 MP: 1/1
   240 | D:1      | Reached XP level 2. HP: 24/27 MP: 2/2
   603 | D:2      | Found a bloodstained altar of Trog.
   686 | D:2      | Reached skill level 3 in Axes
   755 | D:2      | Found a deep blue altar of Sif Muna.
   777 | D:2      | Reached XP level 3. HP: 28/33 MP: 3/3
   985 | D:2      | Found an ancient bone altar of Kikubaaqudgha.
  1635 | D:3      | Reached skill level 4 in Axes
  1646 | D:3      | Found a radiant altar of Vehumet.
  1763 | D:3      | Reached XP level 4. HP: 24/40 MP: 4/4
  2237 | D:4      | Reached skill level 5 in Axes
  2237 | D:4      | Reached XP level 5. HP: 42/46 MP: 5/5
  2345 | D:4      | Noticed a phantom
  2402 | D:4      | Killed a phantom
  2402 | D:4      | Reached skill level 5 in Shields
  2402 | D:4      | Reached XP level 6. HP: 30/55 MP: 6/6
  2799 | D:3      | Reached skill level 6 in Axes
  3028 | D:4      | Noticed Asderaxe's ghost (amateur GrBe)
  3076 | D:4      | Killed Asderaxe's ghost
  3087 | D:4      | Slain by a gnoll

Skill      XL: |  1  2  3  4  5  6 |
---------------+-------------------+-----
Axes           | 3 4 5 6 |  6.7
Shields        | 4 5 |  5.6
Fighting       | |  2.6
Armour         | |  3.2

Action                   |  1- 3 |  4- 6 || total
-------------------------+-------+-------++-------
Melee: War axe           |   110 |   233 ||   343
 Abil: Heal Wounds       |       |     3 ||     3
  Use: Scroll            |     1 |       ||     1
  Eat: Chunk             |     3 |     4 ||     7
Armor: Scale mail        |    43 |    61 ||   104
Dodge: Dodged            |    39 |    27 ||    66
Block: Shield            |    37 |       ||    37
       Large shield      |    43 |   215 ||   258
